 Dungeon Crawl Stone Soup version 0.30-b1-2-g02819fbbbe (webtiles) character file.

Game seed: 5654828599838055849

2919 snakesoul the Thaumaturge (level 9, 0/48 HPs)
             Began as a Deep Elf Conjurer on June 11, 2023.
             Was a Priest of Vehumet.
             Slain by a wyvern (8 damage)
             ... on level 7 of the Dungeon.
             The game lasted 00:25:33 (9796 turns).

snakesoul the Thaumaturge (Deep Elf Conjurer)       Turns: 9796, Time: 00:25:34

Health: 0/48       AC:  8    Str:  4    XL:     9   Next: 50%
Magic:  3/25       EV: 12    Int: 28    God:    Vehumet [***...]
Gold:   272        SH:  0    Dex: 13    Spells: 1/28 levels left

rFire   . . .        G - +5 hand axe (freeze)
rCold   . . .        (no shield)
rNeg    . . .        H - +0 steam dragon scales
rPois   +            B - +0 helmet {SInv}
rElec   .            D - +0 cloak
rCorr   .            (no gloves)
SInv    +            j - +0 pair of boots
Will    .....        (no amulet)
Stlth   ++           x - ring of poison resistance
HPRegen 0.28/turn    (no ring)
MPRegen 0.19/turn

%: no passive effects
@: no status effects
A: no striking features
a: Renounce Religion


You were on level 7 of the Dungeon.
You worshipped Vehumet.
Vehumet was most pleased with you.
You visited 1 branch of the dungeon, and saw 8 of its levels.

You collected 474 gold pieces.
You spent 202 gold pieces at shops.

Inventory:

Hand Weapons
 G - a +5 hand axe of freezing (weapon)
Missiles
 m - 3 silver boomerangs
Armour
 a - a +0 robe
 j - a +0 pair of boots (worn)
 u - a +0 buckler
 B - a +0 helmet of see invisible (worn)
 D - a +0 cloak (worn)
 H - +0 steam dragon scales (worn)
Jewellery
 x - a ring of poison resistance (left hand)
Wands
 o - a wand of charming (9)
 s - a wand of polymorph (9)
 t - a wand of digging (4)
 A - a wand of flame (15)
 E - a wand of acid (6)
Scrolls
 b - 3 scrolls of blinking {unknown}
 d - a scroll of noise {unknown}
 e - 8 scrolls of immolation {unknown}
 f - 8 scrolls of teleportation {unknown}
 g - 2 scrolls of enchant armour {unknown}
 h - a scroll of amnesia {unknown}
 k - a scroll of enchant weapon {unknown}
 l - a scroll of poison {unknown}
 p - a scroll of torment {unknown}
 q - 10 scrolls of identify {unknown}
 v - a scroll of fog {unknown}
 y - a scroll of magic mapping {unknown}
Potions
 c - 2 potions of mutation {unknown}
 i - a potion of might {unknown}
 r - 2 potions of haste {unknown}
 w - a potion of heal wounds {unknown}
 z - 3 potions of degeneration {unknown}
 C - a potion of resistance {unknown}
 F - a potion of attraction {unknown}
 I - a potion of invisibility {unknown}


   Skills:
 + Level 1.8 Fighting
 - Level 2.4 Dodging
 - Level 2.4 Stealth
 + Level 10.0 Spellcasting
 + Level 8.4 Conjurations
 - Level 5.5 Hexes
 - Level 0.7 Necromancy
 - Level 6.2 Transmutations
 - Level 4.5 Earth Magic


You had one spell level left.
You knew the following spells:

 Your Spells              Type           Power      Damage    Failure   Level
a - Magic Dart            Conj           100%       1d8       1%          1
b - Searing Ray           Conj           100%       2d8       1%          2
c - Dazzling Flash        Conj/Hex       100%       N/A       1%          3
d - Fulminant Prism       Conj/Hex       26%        3d14      1%          4
e - Sublimation of Blood  Necr           17%        N/A       4%          2
f - Irradiate             Conj/Tmut      26%        3d20      1%          5
g - Petrify               Tmut/Erth      44%        N/A       4%          4
h - Scorch                Fire           28%        2d6       1%          2
i - Iskenderun's Mystic   Conj/Tloc      37%        2d9       1%          4

Your spell library contained the following spells:

 Spells                   Type           Power      Damage    Failure   Level


Dungeon Overview and Level Annotations

Branches:
Dungeon (8/15)             Temple (0/1) D:7
   Lair: D:8-11

Altars:
Dithmenos
Gozag
Hepliaklqana
Kikubaaqudgha
Qazlal
Uskayaw
Vehumet
Xom
Yredelemnul
Zin
The Shining One

Shops:
D:6 [   D:8 (


Message History

The wyvern bites you!
* * * LOW HITPOINT WARNING * * *
There is an escape hatch in the floor, spattered with blood here.
You feel better. The wyvern closely misses you.
You feel better. The wyvern misses you. The wyvern barely misses you.
You feel better. The wyvern barely misses you.
You feel better. The wyvern barely misses you. The wyvern bites you!
The wyvern attacks as you move away! The wyvern bites you!
The wyvern bites you. The wyvern attacks as you move away!
The wyvern closely misses you. The wyvern attacks as you move away!
The wyvern closely misses you. The wyvern bites you!
* * * LOW HITPOINT WARNING * * *
There is a stone staircase leading up here.
The wyvern bites you.
* * * LOW HITPOINT WARNING * * *
The wyvern bites you but does no damage.
You climb upwards.
There is a stone staircase leading down here.
Unknown command.
Casting: Scorch (safe; 1% risk of failure)
Confirm with . or Enter, or press ? or * to list all spells.
Aiming: Searing Ray (safe; 1% risk of failure)
Press: ? - help, Shift-Dir - straight line, f - wyvern
Aim: a wyvern (lightly wounded, 83% to hit)
The searing ray misses the wyvern. (Press . to maintain the ray.)
The wyvern bites you.
* * * LOW HITPOINT WARNING * * *
The searing ray misses the wyvern.
The wyvern bites you.
* * * LOW HITPOINT WARNING * * *
The wyvern bites you but does no damage.
The searing ray hits the wyvern!
The wyvern is moderately wounded.
The wyvern bites you but does no damage.
The searing ray hits the wyvern!
The wyvern is severely wounded.
You finish channelling your searing ray.
The wyvern bites you!
You die...

#####.###(##.......#######
#.................###########
#.###...#........#..........##
#...........#....'...........#
#######........#.##.#...........#
......#..........##.#...........#
......#.....##...##.#...........#
......#........#l#..#...........#
#######.....####@..##............
#####.##########..........##
#........## #............
#.........# #...........#
#####.........# ###########.#
#.......).....# ########## #.#
#.............# #........# #..
#.....##....#.# #).......# ###
#.....##....#.# #........#


You could see a wyvern.

Vanquished Creatures
  A wyvern (D:8)
  2 steam dragons (D:8)
  Menkaure (D:6)
  2 orc warriors
  2 ice beasts (D:6)
  2 sky beasts
  A black bear (D:4)
  2 phantoms
  2 kobold brigands
  3 scorpions
  5 wights (D:8)
  2 howler monkeys (D:8)
  4 orc priests
  4 hounds
  2 jellies
  A sleepcap (D:7)
  A gnoll bouda (D:8)
  2 iguanas
  8 orc wizards
  8 gnolls
  9 adders
  A white imp (D:6)
  An ufetubus (D:5)
  2 dart slugs (D:1)
  5 worms
  33 orcs
  4 bats
  7 endoplasms
  4 giant cockroaches
  11 goblins
  2 hobgoblins
  8 jackals (D:4)
  4 quokkas
  6 ball pythons
  5 frilled lizards
  21 kobolds
  13 rats
191 creatures vanquished.

Vanquished Creatures (others)
  25 fulminant prisms
  2 plants (D:1)
27 creatures vanquished.

Grand Total: 218 creatures vanquished

Notes
Turn   | Place    | Note
-------+----------+-------------------------------------------
     0 | D:1      | snakesoul the Deep Elf Conjurer began the quest for the
                  | Orb.
     0 | D:1      | Reached XP level 1. HP: 10/10 MP: 6/6
   222 | D:1      | Reached XP level 2. HP: 11/15 MP: 3/8
   724 | D:1      | Reached skill level 4 in Spellcasting
   841 | D:1      | Reached skill level 5 in Conjurations
   841 | D:1      | Reached XP level 3. HP: 19/19 MP: 7/10
  1137 | D:2      | Learned a level 2 spell: Searing Ray
  1141 | D:2      | Learned a level 3 spell: Dazzling Flash
  1342 | D:2      | Reached XP level 4. HP: 9/24 MP: 1/12
  1490 | D:2      | Reached skill level 5 in Spellcasting
  1874 | D:2      | Found a radiant altar of Vehumet.
  1885 | D:2      | Became a worshipper of Vehumet
  2676 | D:3      | Learned a level 4 spell: Fulminant Prism
  2691 | D:3      | Found an ancient bone altar of Kikubaaqudgha.
  2695 | D:3      | Found a shimmering altar of Xom.
  2714 | D:3      | Found a stormy altar of Qazlal.
  2749 | D:3      | Noticed a phantom
  2755 | D:3      | Killed a phantom
  2756 | D:3      | Reached XP level 5. HP: 20/28 MP: 6/15
  2953 | D:3      | Found a hide-covered altar of Uskayaw.
  3191 | D:4      | Reached skill level 6 in Spellcasting
  3191 | D:4      | Reached XP level 6. HP: 28/32 MP: 7/17
  3346 | D:4      | Reached * piety under Vehumet
  3346 | D:4      | Offered knowledge of Shock by Vehumet.
  3353 | D:4      | Learned a level 2 spell: Sublimation of Blood
  3359 | D:4      | Learned a level 5 spell: Irradiate
  3611 | D:4      | Found a glowing golden altar of the Shining One.
  3655 | D:4      | Reached skill level 1 in Transmutations
  3875 | D:4      | Found a hazy altar of Hepliaklqana.
  4162 | D:4      | Offered knowledge of Poisonous Vapours by Vehumet.
  4163 | D:4      | Reached XP level 7. HP: 36/36 MP: 10/18
  4164 | D:4      | Reached ** piety under Vehumet
  4972 | D:5      | Entered Level 5 of the Dungeon
  5120 | D:4      | Reached skill level 5 in Hexes
  5517 | D:5      | Reached skill level 7 in Spellcasting
  5824 | D:6      | Found Farupn's Antique Armour Emporium.
  5827 | D:6      | Bought a shiny helmet for 202 gold pieces
  5839 | D:6      | Noticed Menkaure
  5842 | D:6      | Killed Menkaure
  6081 | D:6      | Reached XP level 8. HP: 41/41 MP: 10/21
  6313 | D:6      | Reached skill level 8 in Spellcasting
  6365 | D:6      | Learned a level 4 spell: Petrify
  6492 | D:6      | Found a glowing silver altar of Zin.
  6549 | D:6      | Reached skill level 1 in Earth Magic
  6963 | D:6      | Found an opulent altar of Gozag.
  7415 | D:7      | Reached skill level 5 in Transmutations
  7919 | D:6      | Reached skill level 9 in Spellcasting
  8125 | D:7      | Offered knowledge of Scorch by Vehumet.
  8126 | D:7      | Reached XP level 9. HP: 20/45 MP: 17/24
  8224 | D:7      | Learned a level 2 spell: Scorch
  8278 | D:7      | Found a staircase to the Ecumenical Temple.
  8485 | D:7      | Found a basalt altar of Yredelemnul.
  8843 | D:8      | Found a flagged portal.
  8878 | D:8      | Reached *** piety under Vehumet
  9143 | D:8      | Reached skill level 1 in Fighting
  9308 | D:8      | Found Vonlavun's Weapon Shop.
  9440 | D:8      | Learned a level 4 spell: Iskenderun's Mystic Blast
  9549 | D:8      | Reached skill level 10 in Spellcasting
  9671 | D:8      | Found a shadowy altar of Dithmenos.
  9796 | D:7      | Slain by a wyvern

Illustrated notes

Levels and vault maps discovered:
D:1:      lightli_arrival_statuegarden, layout_rooms, serial_forest,
          infiniplex_forest_side_room, infiniplex_forest_lined_3_way,
          infiniplex_forest_lined_1, infiniplex_forest_end_1,
          infiniplex_forest_clump_curved, infiniplex_forest_join,
          infiniplex_forest_clump_double, infiniplex_forest_clump_long,
          infiniplex_forest_clump_tiny, minivault_14, minmay_rat_gold_closets
D:2:      layout_loops_ring, basic_altar
D:3:      layout_loops_cross, nicolae_uskayaw_suspiria,
          gammafunk_temple_overflow_forgotten
D:4:      kb_forest_paths, layout_basic, nicolae_overflow_hidden_temple,
          grunt_ministairs_12
D:5:      layout_loops_cross
D:6:      minmay_bubble_buster, layout_layer_cave,
          pdpol_temple_overflow_zin_treasury_gozag_greed, serial_shops, shop,
          chequers_garden, uniq_menkaure
D:7:      layout_basic, mainiacjoe_overflow_chevrons, minmay_temple_entry_grid
D:8:      layout_loops_ring, lemuel_crystal_altar, serial_shops, shop,
          enter_bailey_3, minmay_fractal_squares_gapless_5

Skill      XL: |  1  2  3  4  5  6  7  8  9 |
---------------+----------------------------+-----
Spellcasting   | 4 5 6 7 9 10 | 10.0
Conjurations   | 5 6 7 8 |  8.4
Hexes          | 2 3 4 5 |  5.5
Transmutations | 1 3 5 6 |  6.2
Earth Magic    | 4 |  4.5
Fighting       | 1 |  1.8
Dodging        | |  2.4
Stealth        | |  2.4
Necromancy     | |  0.7

Action                     |  1- 3 |  4- 6 |  7- 9 || total
---------------------------+-------+-------+-------++-------
  Melee: Short sword       |     6 |       |       ||     6
         Dagger            |     3 |       |       ||     3
   Cast: Magic Dart        |    78 |   156 |   138 ||   372
         Searing Ray       |       |     4 |    34 ||    38
         Fulminant Prism   |       |     4 |    21 ||    25
         Irradiate         |       |       |     1 ||     1
         Petrify           |       |       |     8 ||     8
         Scorch            |       |       |     2 ||     2
    Use: Potion            |       |     1 |     9 ||    10
 Armour: Robe              |     1 |     3 |     7 ||    11
         Steam dragon scal |       |       |     7 ||     7
  Dodge: Dodged            |     8 |     9 |    47 ||    64
